 Dungeon Crawl Stone Soup version 0.21.1-1-g345015fe64 (webtiles) character file.

277470 Jannitor the Grim Reaper (level 19, -21/168 HPs)
             Began as a Centaur Gladiator on Mar 29, 2018.
             Was the Champion of Yredelemnul.
             Demolished by a white very ugly thing (43 damage)
             ... on level 1 of the Depths on Mar 31, 2018.
             The game lasted 02:20:19 (45662 turns).

Jannitor the Grim Reaper (Centaur Gladiator)       Turns: 45662, Time: 02:20:20

Health: -21/168    AC: 28    Str: 24    XL:     19   Next: 60%
Magic:  31/31      EV:  9    Int:  7    God:    Yredelemnul [******]
Gold:   2568       SH:  0    Dex: 14    Spells: 12/18 levels left

rFire    + . .     SeeInvis .   Q - +5 bardiche (vamp)
rCold    . . .     Gourm    .   (shield currently unavailable)
rNeg     . . .     Faith    .   q - +4 chain mail {rF+}
rPois    +         Spirit   .   P - +2 helmet
rElec    +         Reflect  .   (no cloak)
rCorr    .         Harm     .   G - +0 pair of gloves {Str+3}
MR       +....                  W - +0 centaur barding
Stlth    ..........             i - amulet of rage
HPRegen  0.38/turn              I - ring "Borphe" {*Drain +Blink rElec Dex-3 Stlth+}
MPRegen  0.22/turn              u - ring of poison resistance

@: liquid flames, glowing, very quick
A: large, hooves 3, agile 1, deformed body, speed 2, mutation resistance 1,
tough skin 3
}: 2/15 runes: decaying, gossamer
a: Recall Undead Slaves, Injury Mirror, Animate Dead, Drain Life, Enslave Soul,
Renounce Religion, Evoke Blink, Evoke Berserk Rage


You were on level 1 of the Depths.
You worshipped Yredelemnul.
Yredelemnul was exalted by your worship.
You were not hungry.

You visited 7 branches of the dungeon, and saw 36 of its levels.
You visited 1 bazaar.
You also visited: Labyrinth, Sewer, Bailey and Ice Cave.

You collected 4213 gold pieces.
You spent 1645 gold pieces at shops.

Inventory:

Hand Weapons
 Q - a +5 vampiric bardiche (weapon)
 V - a +3 demon trident of venom
Missiles
 d - 5 throwing nets (quivered)
Armour
 q - a +4 chain mail of fire resistance (worn)
 G - a +0 pair of gloves of strength (worn)
 P - a +2 helmet (worn)
 W - a +0 centaur barding (worn)
Jewellery
 a - the ring of Henil {+Inv rN+ MR+ Str+3 SInv}
   (You bought it in a shop in a bazaar)

   [ring of see invisible]

   It affects your strength (+3).
   It protects you from negative energy.
   It affects your resistance to hostile enchantments.
   It lets you see invisible.
   It lets you turn invisible.
 i - an amulet of rage (around neck)
 m - an uncursed ring of resist corrosion
 u - a ring of poison resistance (right hand)
 I - the ring "Borphe" (left hand) {*Drain +Blink rElec Dex-3 Stlth+}
   (You found it in a bailey)

   [ring of stealth]

   It affects your dexterity (-3).
   It insulates you from electricity.
   It lets you blink.
   It causes draining when unequipped.
   It makes you more stealthy.
 S - an uncursed ring of protection from fire
Wands
 c - a wand of enslavement (18)
 o - a wand of paralysis (52)
 p - a wand of flame (92)
 r - a wand of scattershot (6)
 x - a wand of iceblast (25)
 B - a wand of acid (1)
 J - a wand of digging (21)
 M - a wand of polymorph (30)
 O - a wand of disintegration (22)
Scrolls
 e - 2 scrolls of magic mapping
 g - 14 scrolls of teleportation
 h - 3 scrolls of fog
 j - 9 scrolls of enchant armour
 k - 11 scrolls of remove curse
 v - 4 scrolls of fear
 H - a scroll of identify
 R - a scroll of summoning
 T - 6 scrolls of blinking
 U - a scroll of brand weapon
Potions
 b - 2 potions of cancellation
 l - 8 potions of resistance
 n - 10 potions of agility
 s - 3 potions of ambrosia
 t - a potion of experience
 w - 6 potions of might
 z - 12 potions of haste
 A - 3 potions of magic
 C - 5 potions of mutation
 E - 7 potions of flight
 K - 3 potions of invisibility
 N - 3 potions of berserk rage
Books
 F - a book of Air

   Spells                             Type                      Level
   a - Shock                          Conjuration/Air              1
   b - Swiftness                      Charms/Air                   2
   c - Static Discharge               Conjuration/Air              3
   d - Airstrike                      Air                          4
   e - Lightning Bolt                 Conjuration/Air              5
Miscellaneous
 y - a phial of floods
 D - a lamp of fire
 L - a lightning rod (4/4)
 X - 2 phantom mirrors
 Z - 2 boxes of beasts
Comestibles
 f - 22 rations


   Skills:
 + Level 14.7 Fighting
 * Level 15.0 Polearms
 - Level 2.1 Throwing
 + Level 14.9 Armour
 + Level 9.3 Dodging
 + Level 17.1 Invocations
 - Level 8.1 Evocations


You had 12 spell levels left.
You knew the following spells:

 Your Spells              Type           Power        Failure   Level  Hunger
a - Portal Projectile     Hex/Tloc       #.....       99%         3    ####...
b - Blink                 Tloc           N/A          96%         2    ###....
c - Apportation           Tloc           #.....       89%         1    ##.....


Dungeon Overview and Level Annotations

Branches:
Dungeon (15/15)            Temple (0/1) D:6            Lair (6/6) D:11
  Swamp (4/4) Lair:4       Spider (4/4) Lair:4        Slime (0/5) Lair:6
    Orc (2/2) D:10            Elf (0/3) Orc:2        Vaults (4/5) D:14
  Crypt (0/3) Vaults:2     Depths (1/5) D:15

Altars:
Ashenzari
Cheibriados
Dithmenos
Gozag
Kikubaaqudgha
Nemelex Xobeh
Okawaru
Qazlal
Sif Muna
Trog
Uskayaw
Wu Jian
Xom
Yredelemnul
Zin
The Shining One
Beogh

Shops:
D:5 }   D:9 =   D:11 *[}   D:13 (:%   Orc:2 ***(

Annotations:
D:9 2 transporters


Innate Abilities, Weirdness & Mutations

You have hooves in place of feet.
Armour fits poorly on your strangely shaped body.
You cover ground very quickly.
You have extremely tough skin. (AC +3)
You are agile. (Dex +2)
You are somewhat resistant to further mutation.


Message History

The white very ugly thing freezes you!!!
Your iron troll zombie bites the white very ugly thing!!
Your iron troll zombie claws the white very ugly thing.
Your iron troll zombie closely misses the white very ugly thing.
You completely miss the white very ugly thing.
You kick the white very ugly thing.
The white very ugly thing is heavily wounded.
You are covered in liquid flames!
The white very ugly thing kicks you but does no damage.
The white very ugly thing stings you!
The white very ugly thing freezes you!!!
* * * LOW HITPOINT WARNING * * *
The cyan ugly thing kicks you but does no damage.
Your two-headed ogre zombie barely misses the white very ugly thing.
Your two-headed ogre zombie hits the white very ugly thing but does no damage.
The white very ugly thing kicks you!
* * * LOW HITPOINT WARNING * * *
The white very ugly thing freezes you!!!
You die...
Your body rises from the dead as a mindless zombie.

#!..#....?## ##..#......#
##..........#
###...........##
##..............##
#....##........#.#
##...##....#!..#.##
#...###.^###..Zu..#
#....##....#..@u..#
#....##.......Zu......
##...#..#..........#..
#........##......##
##..#.......##...###
##............#....
###Z............##... ###.
##...............##.###.#...
#................##.#.......


You could see 2 very ugly things, a cyan ugly thing, a friendly two-headed ogre
zombie and a friendly iron troll zombie.

Vanquished Creatures
  A profane servitor (Vaults:2)
  Jorgrun (Spider:2)
  A lich (Vaults:4)
  Donald (Spider:1)
  2 frost giants
  An orc warlord (Bailey)
  2 vault wardens (Vaults:4)
  4 emperor scorpions
  2 very ugly things
  An ironheart preserver (Vaults:2)
  2 stone giants
  An entropy weaver (Vaults:4)
  The ghost of Savaroth the Warrior, a journeyman MiBe of Trog (Orc:2)
  4 dire elephants (Lair:6)
  A spark wasp (Spider:4)
  A small abomination (Vaults:2)
  A minotaur (Lab)
  2 ettins
  The ghost of BorisKarlOrff the Basher, a journeyman MiBe of Trog (D:11)
  A great orb of eyes (Vaults:3)
  A vault guard (Vaults:2)
  2 fire dragons
  An ice dragon (Vaults:1)
  A yaktaur captain (Vaults:4)
  12 hydras
  6 centaur warriors
  A catoblepas (Lair:5)
  An anaconda (Lair:6)
  A death knight (Vaults:3)
  23 two-headed ogres
  2 alligators
  6 ogre magi
  An iron troll (Depths:1)
  A fire crab (shapeshifter) (Vaults:3)
  A skeletal warrior (Vaults:2)
  2 shadow wraiths (Vaults:4)
  2 swamp dragons
  4 deep trolls
  9 wolf spider zombies (Spider:2)
  An ironbrand convoker (Vaults:4)
  5 orc knights
  An orc sorcerer (Vaults:4)
  11 orb spiders
  2 necromancers
  12 wolf spiders
  A deep elf mage (D:13)
  12 ugly things
  A cyclops (D:14)
  3 moths of wrath
  A centaur zombie (D:13)
  3 elephants (Lair:6)
  A gargoyle (D:13)
  5 black mambas
  3 vault sentinels
  A spiny frog (shapeshifter) (D:14)
  10 spiny frogs
  3 torpor snails
  2 rime drakes
  An ice devil (Lair:3)
  A komodo dragon (Lair:6)
  7 yaktaurs
  6 demonic crawlers
  6 redback zombies (Spider:2)
  2 freezing wraiths
  2 tengu conjurers
  3 trolls
  A queen bee (shapeshifter) (Vaults:2)
  10 polar bears
  22 jumping spiders
  A hornet (shapeshifter) (Vaults:2)
  3 hornets
  8 blink frogs
  3 tyrant leeches
  3 slime creatures
  4 tarantella zombies (Spider:2)
  Prince Ribbit (D:6)
  5 bog bodies
  A hippogriff (D:13)
  A fire giant simulacrum (Vaults:2)
  47 redbacks
  A wraith (Vaults:3)
  A yak (shapeshifter) (Vaults:2)
  16 tarantellas
  Sigmund (D:6)
  18 yaks
  A spriggan (Swamp:3)
  2 wyverns
  12 vampire mosquitoes
  5 hungry ghosts
  6 insubstantial wisps
  2 wargs
  9 swamp worms
  4 water moccasins
  5 porcupines
  4 orc warriors
  4 black bears
  2 human zombies (Vaults:2)
  4 swamp drakes
  4 ice beasts
  A phantom (D:4)
  2 sky beasts
  A necrophage (D:10)
  20 ogres
  An eye of draining (D:8)
  13 wolves
  7 boggarts (Vaults:2)
  13 centaurs
  8 crocodiles
  A big kobold (D:13)
  A gnoll sergeant (D:7)
  9 bullfrogs
  2 human skeletons
  6 scorpions
  An orc simulacrum (Vaults:2)
  5 wights (D:8)
  2 howler monkeys
  8 crimson imps
  A bullfrog zombie (D:11)
  4 lava snakes (Lab)
  7 hounds
  2 bullfrog skeletons
  6 centaur skeletons
  A gnoll shaman (D:7)
  14 jellies
  11 orc priests
  14 orc wizards
  Jessica (D:2)
  3 iguanas
  Terence (D:2)
  11 worker ants
  2 hound skeletons
  A worker ant zombie (D:5)
  19 gnolls
  A gnoll (shapeshifter) (Vaults:3)
  5 river rats (D:3)
  14 adders
  A shadow imp (D:13)
  2 white imps
  2 adder skeletons
  9 worms
  3 dart slugs
  7 leopard geckos
  42 orcs
  A ball python (D:8)
  11 bats
  4 giant cockroaches
  5 goblins
  13 hobgoblins
  12 jackals
  38 kobolds
  A quokka (D:7)
  3 frilled lizards
  A goblin skeleton (D:7)
  A goblin zombie (D:7)
  4 hobgoblin zombies (D:7)
  A jackal zombie (D:8)
  2 kobold zombies (D:7)
  3 orc skeletons (D:7)
  An orc zombie (D:7)
  3 quokka skeletons
  A quokka zombie (D:7)
  9 rats
  A briar patch (Swamp:4)
  A crawling corpse (Vaults:2)
  2 plants (Lair:6)
828 creatures vanquished.

Vanquished Creatures (collateral kills)
  Boris (Vaults:3)
  Arachne (Spider:4)
  Asterion (Vaults:2)
  The ghost of Danqa the Crack Shot, an adept CeHu of Okawaru (Spider:4)
  2 thorn hunters (Swamp:4)
  A fire giant (Vaults:4)
  3 ghost moths
  A deep elf sorcerer (Vaults:1)
  3 frost giants (Vaults:4)
  2 emperor scorpions
  8 vault wardens
  A very ugly thing (Depths:1)
  10 ironheart preservers
  An entropy weaver (Vaults:4)
  4 stone giants
  2 vampire knights (Vaults:2)
  A dire elephant (Lair:6)
  A spark wasp (shapeshifter) (Vaults:1)
  2 ettins
  2 deep elf death magi (Vaults:2)
  2 eidola (Vaults:2)
  3 yaktaur captains
  The ghost of jlero the Basher, a journeyman MiFi of Okawaru (Lair:1)
  A vault guard (Vaults:3)
  An ice dragon (Vaults:4)
  19 hydras
  A ghost crab (Swamp:3)
  15 ogre magi
  A death knight (D:15)
  2 centaur warriors (Vaults:3)
  49 two-headed ogres
  2 deep troll shamans (Depths:1)
  3 deep troll earth magi (Vaults:1)
  6 alligators
  2 deep elf knights (Vaults:2)
  4 skeletal warriors
  An unseen horror (D:11)
  An iron troll (D:14)
  A shadow wraith (Vaults:2)
  9 deep trolls
  2 shambling mangroves
  4 swamp dragons
  A flayed ghost (Vaults:3)
  5 ironbrand convokers
  A phantasmal warrior (D:15)
  2 necromancers (Vaults:4)
  A deep elf archer (Vaults:1)
  A harpy (Vaults:4)
  A lindwurm (Lair:5)
  A stone giant zombie (Vaults:4)
  9 deep elf magi
  26 ugly things
  3 wolf spider zombies
  16 orb spiders
  An orc sorcerer (D:15)
  A manticore (shapeshifter) (Vaults:3)
  3 orc knights
  26 wolf spiders
  6 cyclopes
  A centaur zombie (D:13)
  5 elephants
  A moth of wrath (Spider:2)
  7 vault sentinels
  3 black mambas
  An ice statue (IceCv)
  11 spiny frogs
  3 redback zombies (Spider:2)
  22 yaktaurs
  A spiny frog (shapeshifter) (Vaults:1)
  A yaktaur zombie (Vaults:4)
  3 freezing wraiths
  3 rime drakes
  An ice devil (Lair:3)
  4 demonic crawlers
  A komodo dragon (Lair:6)
  A kobold demonologist (D:15)
  A tengu conjurer (D:10)
  3 trolls
  22 jumping spiders
  A polar bear (IceCv)
  A troll (shapeshifter) (Vaults:2)
  6 bog bodies
  5 tyrant leeches
  10 blink frogs
  17 hornets
  A hippogriff (shapeshifter) (Vaults:4)
  8 slime creatures
  4 tarantella zombies (Spider:2)
  2 human simulacra
  5 hippogriffs
  A redback (shapeshifter) (D:15)
  48 redbacks
  4 spriggans
  4 water elementals
  3 wraiths
  7 yaks
  24 tarantellas
  A vampire (D:9)
  A basilisk (Lair:2)
  3 wyverns
  A steam dragon (D:11)
  11 swamp worms
  22 vampire mosquitoes
  A warg (Vaults:2)
  2 acid dragons
  19 insubstantial wisps
  A soldier ant (D:13)
  A porcupine (Lair:1)
  7 water moccasins
  13 swamp drakes
  16 orc warriors
  2 sky beasts
  2 ice beasts (D:11)
  A black bear (shapeshifter) (Vaults:1)
  8 wolves
  30 ogres
  A phantom (D:11)
  6 boggarts (Vaults:2)
  13 centaurs
  5 crocodiles
  2 big kobolds
  4 bullfrogs
  2 vampire bats (Lair:6)
  4 electric eels
  A bullfrog zombie (D:13)
  4 hounds
  3 centaur skeletons
  4 jellies
  8 orc priests
  12 orc wizards
  A bullfrog skeleton (D:13)
  2 iguanas (Lair:4)
  2 worker ants
  A hound skeleton (D:10)
  3 gnolls (D:7)
  A howler monkey skeleton (D:11)
  A shadow imp (D:13)
  An ooze (Lair:6)
  39 orcs
  4 bats (Lair:6)
  6 jackals
  A goblin skeleton (D:7)
  5 kobolds
  A briar patch (Swamp:4)
  4 crawling corpses (Vaults:2)
  23 fungi
  21 plants
855 creatures vanquished.

Vanquished Creatures (others)
  3 profane servitors
  4 bone dragons
  A fire giant (Vaults:4)
  A frost giant (Vaults:4)
  2 ghouls
  An ironheart preserver (Vaults:1)
  6 vampire knights
  An ogre mage (Vaults:4)
  3 skeletal warriors
  11 flayed ghosts
  An ironbrand convoker (Vaults:4)
  9 phantasmal warriors
  A wolf spider zombie (Spider:1)
  A fire giant zombie (Vaults:4)
  2 wolf spiders
  A frost giant zombie (Vaults:4)
  3 centaur zombies
  A spiny frog (Swamp:1)
  A demonic crawler (Spider:3)
  7 redback zombies
  A ghoul skeleton (Orc:2)
  2 demonic crawler zombies (Spider:1)
  2 hydra zombies
  A jumping spider zombie (Spider:3)
  An ice dragon zombie (Vaults:1)
  3 tarantella zombies
  10 flying skulls
  2 tarantellas (Spider:3)
  5 wraiths
  2 deep troll skeletons (Depths:1)
  2 black mamba zombies (Lair:6)
  2 redbacks
  4 vampires
  An insubstantial wisp (Swamp:3)
  5 two-headed ogre zombies
  3 spiny frog zombies (Lair:6)
  An orb spider zombie (Spider:4)
  A spectral ogre (Orc:2)
  A hornet zombie (Spider:1)
  An orc warrior (Orc:1)
  5 blink frog zombies
  An ogre (Vaults:3)
  4 vampire mosquito zombies
  A rime drake zombie (Lair:6)
  A komodo dragon zombie (Lair:6)
  3 yaktaur zombies (Vaults:2)
  2 polar bear zombies (IceCv)
  A water moccasin zombie (Lair:6)
  5 yak zombies (Lair:6)
  5 wolf zombies
  A wight (D:11)
  A bullfrog zombie (D:11)
  A black bear zombie (D:7)
  A bog body skeleton (Swamp:1)
  A crocodile zombie (Lair:6)
  7 ogre zombies
  A hound zombie (D:7)
  A mummy (D:8)
  An adder (D:10)
  An electric eel zombie (Lair:6)
  An adder zombie (D:7)
  5 bat zombies (Lair:6)
  A gnoll zombie (D:7)
  2 jackal zombies (D:7)
  2 kobold zombies (Bailey)
  An orc skeleton (Vaults:2)
  6 orc zombies
  20 fungi
  24 plants
216 creatures vanquished.

Grand Total: 1899 creatures vanquished

Notes
Turn   | Place    | Note
-------+----------+-------------------------------------------
     0 | D:1      | Jannitor the Centaur Gladiator began the quest for the Orb.
     0 | D:1      | Reached XP level 1. HP: 17/17 MP: 1/1
    86 | D:1      | Reached XP level 2. HP: 13/24 MP: 2/2
   578 | D:1      | Reached XP level 3. HP: 30/30 MP: 3/3
   898 | D:2      | Found a deep blue altar of Sif Muna.
  1266 | D:2      | Found a shadowy altar of Dithmenos.
  1296 | D:2      | Noticed Terence
  1314 | D:2      | Killed Terence
  1314 | D:2      | Reached XP level 4. HP: 10/37 MP: 4/4
  1692 | D:2      | Noticed Jessica
  1708 | D:2      | Killed Jessica
  1708 | D:2      | Reached skill level 1 in Evocations
  1926 | D:2      | Found a shattered altar of Ashenzari.
  1929 | D:2      | Found an iron altar of Okawaru.
  1945 | D:2      | Found a snail-covered altar of Cheibriados.
  1948 | D:2      | Found a shimmering altar of Xom.
  2023 | D:3      | Reached XP level 5. HP: 45/45 MP: 4/6
  2356 | D:3      | Found a glowing drain.
  2366 | Sewer    | Entered a sewer
  2468 | Sewer    | Noticed a crocodile
  2480 | Sewer    | Killed a crocodile
  2480 | Sewer    | Reached XP level 6. HP: 51/51 MP: 7/7
  3697 | D:4      | Reached XP level 7. HP: 57/59 MP: 9/9
  4605 | D:5      | Entered Level 5 of the Dungeon
  4639 | D:5      | Found an opulent altar of Gozag.
  4642 | D:5      | Found a bloodstained altar of Trog.
  4744 | D:5      | Reached skill level 5 in Polearms
  4745 | D:5      | Found a glowing silver altar of Zin.
  4914 | D:5      | Found a deep blue altar of Sif Muna.
  5061 | D:5      | Reached skill level 5 in Fighting
  5063 | D:5      | Found a basalt altar of Yredelemnul.
  5132 | D:5      | Became a worshipper of Yredelemnul the Dark
  5187 | D:5      | Reached XP level 8. HP: 59/68 MP: 10/10
  5196 | D:5      | Found Goutoad's Gadget Shop.
  5262 | D:6      | Noticed Sigmund
  5532 | D:6      | Killed Sigmund
  5865 | D:6      | Found an ancient bone altar of Kikubaaqudgha.
  5880 | D:6      | Found a staircase to the Ecumenical Temple.
  5968 | D:6      | Found a sparkling altar of Nemelex Xobeh.
  6041 | D:6      | Noticed Prince Ribbit
  6049 | D:6      | Killed Prince Ribbit
  6049 | D:6      | Reached skill level 1 in Armour
  6425 | D:6      | Reached * piety under Yredelemnul
  6804 | D:7      | Found a flagged portal.
  6816 | D:7      | Reached XP level 9. HP: 48/75 MP: 12/12
  6916 | Bailey   | Entered a bailey
  6937 | Bailey   | Noticed an orc warlord
  6972 | Bailey   | Noticed an orc knight
  7007 | Bailey   | Killed an orc knight
  7007 | Bailey   | Reached skill level 5 in Evocations
  7109 | Bailey   | Noticed an orc knight
  7151 | Bailey   | Killed an orc knight
  7332 | Bailey   | Found a runed gate.
  7333 | Bailey   | Found a runed gate.
  7334 | Bailey   | Found a runed gate.
  7367 | Bailey   | Reached ** piety under Yredelemnul
  7438 | Bailey   | Killed an orc warlord
  7438 | Bailey   | Reached XP level 10. HP: 54/86 MP: 14/14
  7678 | Bailey   | Identified the Handbook of Black Secrets
  7689 | Bailey   | Got a pitted copper ring
  7691 | Bailey   | Identified the ring "Borphe" {*Drain +Blink rElec Dex-3 Stlth+} (You found it in a bailey)
  7692 | Bailey   | Reached XP level 11. HP: 92/92 MP: 15/15
  7693 | Bailey   | Reached skill level 10 in Armour
  7693 | Bailey   | Reached XP level 12. HP: 100/100 MP: 16/16
  7960 | D:7      | Found a glowing golden altar of the Shining One.
  8114 | D:7      | Reached *** piety under Yredelemnul
  8141 | D:7      | Received a gift from Yredelemnul (a mummy)
  8445 | D:7      | Found a hide-covered altar of Uskayaw.
  9557 | D:8      | Received a gift from Yredelemnul (a wight)
  9729 | D:9      | Found a transporter.
  9733 | D:9      | Found a transporter.
  9733 | D:9      | Found an ornate altar of the Wu Jian Council.
  9811 | D:9      | Found a stormy altar of Qazlal.
  9838 | D:9      | Noticed a two-headed ogre
  9838 | D:9      | Noticed a two-headed ogre
  9840 | D:9      | Received a gift from Yredelemnul (a wraith)
  9845 | D:9      | Killed a two-headed ogre
  9847 | D:9      | Killed a two-headed ogre
 10056 | D:9      | Reached **** piety under Yredelemnul
 10208 | D:9      | Found Magriz's Jewellery Boutique.
 10408 | D:10     | Entered Level 10 of the Dungeon
 10590 | D:10     | Received a gift from Yredelemnul (a wraith)
 10635 | D:10     | Found a staircase to the Orcish Mines.
 10702 | D:10     | Received a gift from Yredelemnul (3 flying skulls)
 11512 | D:11     | Found a staircase to the Lair.
 11518 | D:11     | Noticed a two-headed ogre
 11527 | D:11     | Killed a two-headed ogre
 11725 | D:11     | Found Killuf's Gadget Shoppe.
 11843 | D:11     | Found Kearheu's Assorted Antiques.
 11851 | D:11     | Bought a glowing hat for 168 gold pieces
 11888 | D:11     | Noticed BorisKarlOrff's ghost (journeyman MiBe)
 11915 | D:11     | Killed BorisKarlOrff's ghost
 12383 | D:11     | Found Yczem's Armour Emporium.
 12736 | D:12     | Reached ***** piety under Yredelemnul
 12825 | D:12     | Identified the cursed +2 great sword of Upnour {antimagic, rElec} (You found it on level 12 of the Dungeon)
 12920 | D:12     | Received a gift from Yredelemnul (3 flying skulls)
 13457 | Lair:1   | Entered Level 1 of the Lair of Beasts
 13457 | Lair:1   | Noticed jlero's ghost (journeyman MiFi)
 13477 | Lair:1   | Killed jlero's ghost
 13477 | Lair:1   | Reached XP level 13. HP: 107/107 MP: 18/18
 13761 | Lair:1   | Received a gift from Yredelemnul (4 flying skulls)
 14125 | Lair:1   | Identified a scroll of acquirement
 14307 | Lair:2   | Found a labyrinth entrance.
 14315 | Lab      | Entered a labyrinth
 14916 | Lab      | Noticed a minotaur
 14930 | Lab      | Killed a minotaur
 14959 | Lab      | Got a scorched shortbow {speed}
 14960 | Lab      | Identified the +6 shortbow of Abuse {speed, *Corrode rPois rC+ Str+7} (You took it off a minotaur in a labyrinth)
 15124 | Lair:2   | Received a gift from Yredelemnul (a vampire)
 15764 | Lair:3   | Found a frozen archway.
 15948 | IceCv    | Entered an ice cave
 15996 | IceCv    | Received a gift from Yredelemnul (a vampire)
 16299 | IceCv    | Reached skill level 10 in Polearms
 16544 | IceCv    | Noticed a frost giant
 16570 | IceCv    | Killed a frost giant
 16576 | IceCv    | Reached skill level 1 in Invocations
 17456 | Lair:3   | Received a gift from Yredelemnul (a wraith)
 17774 | Lair:3   | Reached skill level 2 in Invocations
 18088 | Lair:4   | Learned a level 3 spell: Portal Projectile
 18136 | Lair:4   | Reached skill level 3 in Invocations
 18426 | Lair:4   | Found a staircase to the Swamp.
 18456 | Lair:4   | Received a gift from Yredelemnul (a wraith)
 18668 | Lair:4   | Reached skill level 4 in Invocations
 18729 | Lair:4   | Found a hole to the Spider Nest.
 19307 | Lair:5   | Reached skill level 10 in Fighting
 19345 | Lair:5   | Reached XP level 14. HP: 109/121 MP: 20/20
 19740 | Lair:5   | Reached skill level 5 in Invocations
 19741 | Lair:5   | Received a gift from Yredelemnul (a vampire)
 19943 | Lair:6   | Entered Level 6 of the Lair of Beasts
 19990 | Lair:6   | Found a staircase to the Slime Pits.
 20579 | Lair:6   | Received a gift from Yredelemnul (a phantasmal warrior)
 20589 | Lair:6   | Reached skill level 6 in Invocations
 20718 | Lair:6   | Received a gift from Yredelemnul (a phantasmal warrior)
 21644 | Lair:6   | Reached skill level 7 in Invocations
 22205 | Orc:1    | Entered Level 1 of the Orcish Mines
 22545 | Orc:2    | Entered Level 2 of the Orcish Mines
 22553 | Orc:2    | Received a gift from Yredelemnul (a ghoul)
 22651 | Orc:2    | Noticed Erolcha
 22653 | Orc:2    | Found a staircase to the Elven Halls.
 22654 | Orc:2    | Noticed Savaroth's ghost (journeyman MiBe)
 22655 | Orc:2    | Paralysed by Erolcha for 2 turns
 22659 | Orc:2    | Killed Erolcha
 22659 | Orc:2    | Enslaved Erolcha
 22664 | Orc:2    | Killed Savaroth's ghost
 22676 | Orc:2    | Received a gift from Yredelemnul (a wraith)
 23084 | Orc:2    | Found a roughly hewn altar of Beogh.
 23129 | Orc:2    | Reached skill level 8 in Invocations
 23139 | Orc:2    | Your ally Erolcha died
 23145 | Orc:2    | Received a gift from Yredelemnul (a flayed ghost)
 23168 | Orc:2    | Received a gift from Yredelemnul (a vampire knight)
 23169 | Orc:2    | Found Pimny's Weapon Shop.
 23169 | Orc:2    | Found Niommoj's General Store.
 23171 | Orc:2    | Found Ziqic's Assorted Antiques.
 23171 | Orc:2    | Found Gamuej's General Store.
 23267 | Orc:2    | Bought a scroll of blinking for 97 gold pieces
 23268 | Orc:2    | Bought a potion of heal wounds for 70 gold pieces
 23268 | Orc:2    | Bought a potion of haste for 140 gold pieces
 23268 | Orc:2    | Bought a scroll of teleportation for 42 gold pieces
 23380 | Orc:2    | Reached skill level 9 in Invocations
 23582 | D:13     | Found Deyniamm's Book Emporium.
 23866 | D:13     | Found Loabasoi's Food Shop.
 23871 | D:13     | Received a gift from Yredelemnul (a ghoul)
 24053 | D:13     | Received a gift from Yredelemnul (a vampire knight)
 24073 | D:13     | Reached XP level 15. HP: 103/129 MP: 22/22
 24074 | D:13     | Found Zorabul's Weapon Shop.
 24910 | D:14     | Received a gift from Yredelemnul (a vampire knight)
 24944 | D:14     | Reached skill level 10 in Invocations
 25287 | D:14     | Received a gift from Yredelemnul (a flayed ghost)
 25349 | D:14     | Found a gate to the Vaults.
 25664 | D:15     | Entered Level 15 of the Dungeon
 25804 | D:15     | Reached ****** piety under Yredelemnul
 25834 | D:15     | Reached skill level 5 in Dodging
 26191 | D:15     | Reached skill level 11 in Invocations
 26221 | D:15     | Got a faintly humming chain mail
 26246 | D:15     | Identified the +1 chain mail of the Cooper {Str+6} (You found it on level 15 of the Dungeon)
 26296 | D:15     | Found a staircase to the Depths.
 26392 | D:15     | Received a gift from Yredelemnul (a phantasmal warrior)
 27008 | Swamp:1  | Entered Level 1 of the Swamp
 27918 | Swamp:2  | Received a gift from Yredelemnul (a phantasmal warrior)
 28122 | Swamp:2  | Received a gift from Yredelemnul (a bone dragon)
 28125 | Swamp:2  | Got a fine ring mail
 28136 | Swamp:2  | Identified the cursed +1 ring mail of the Greedy {+Inv rF+++ MR- Stlth+} (You found it on level 2 of the Swamp)
 28425 | Swamp:2  | Reached XP level 16. HP: 123/139 MP: 21/24
 28446 | Swamp:2  | Received a gift from Yredelemnul (a vampire knight)
 28593 | Swamp:2  | Received a gift from Yredelemnul (a vampire knight)
 28865 | Swamp:3  | Reached skill level 12 in Invocations
 29117 | Swamp:3  | Received a gift from Yredelemnul (a phantasmal warrior)
 29349 | Swamp:3  | Received a gift from Yredelemnul (a flayed ghost)
 29607 | Swamp:4  | Entered Level 4 of the Swamp
 29653 | Swamp:4  | Received a gift from Yredelemnul (a vampire knight)
 29732 | Swamp:4  | Learned a level 2 spell: Blink
 29831 | Swamp:4  | Received a gift from Yredelemnul (a vampire knight)
 29978 | Swamp:4  | Noticed a thorn hunter
 29984 | Swamp:4  | Killed a thorn hunter
 30008 | Swamp:4  | Received a gift from Yredelemnul (a vampire)
 30016 | Swamp:4  | Noticed a thorn hunter
 30022 | Swamp:4  | Killed a thorn hunter
 30235 | Swamp:4  | Received a gift from Yredelemnul (a skeletal warrior)
 30250 | Swamp:4  | Got a decaying rune of Zot
 30716 | Vaults:1 | Entered Level 1 of the Vaults
 30871 | Vaults:1 | Reached skill level 13 in Invocations
 31008 | Vaults:1 | Received a gift from Yredelemnul (a flayed ghost)
 31102 | Vaults:1 | Received a gift from Yredelemnul (a profane servitor)
 31854 | Vaults:1 | Received a gift from Yredelemnul (a skeletal warrior)
 32085 | Vaults:1 | Received a gift from Yredelemnul (a vampire knight)
 32541 | Vaults:1 | Received a gift from Yredelemnul (a bone dragon)
 32624 | Vaults:2 | Noticed Asterion
 32625 | Vaults:2 | Found a glowing silver altar of Zin.
 32647 | Vaults:2 | Killed Asterion
 32935 | Vaults:2 | Reached XP level 17. HP: 118/148 MP: 21/27
 33200 | Vaults:2 | Received a gift from Yredelemnul (a profane servitor)
 33321 | Vaults:2 | Found a staircase to the Crypt.
 33833 | Vaults:2 | Received a gift from Yredelemnul (a phantasmal warrior)
 33836 | Vaults:2 | Reached skill level 14 in Invocations
 33964 | Vaults:2 | Received a gift from Yredelemnul (a flayed ghost)
 34226 | Vaults:2 | Received a gift from Yredelemnul (a profane servitor)
 34272 | Vaults:2 | Killed a profane servitor
 34971 | Vaults:3 | Received a gift from Yredelemnul (a profane servitor)
 35258 | Vaults:3 | Received a gift from Yredelemnul (a phantasmal warrior)
 35301 | Vaults:3 | Noticed Mara
 35316 | Vaults:3 | Killed Mara
 35316 | Vaults:3 | Enslaved Mara
 35317 | Vaults:3 | Received a gift from Yredelemnul (a bone dragon)
 35618 | Vaults:3 | Noticed Boris
 35634 | Vaults:3 | Reached skill level 15 in Invocations
 35636 | Vaults:3 | Killed Boris
 36104 | Vaults:3 | Received a gift from Yredelemnul (a flayed ghost)
 36466 | Vaults:3 | Received a gift from Yredelemnul (a flayed ghost)
 36846 | Vaults:4 | Received a gift from Yredelemnul (a skeletal warrior)
 36848 | Vaults:4 | Reached XP level 18. HP: 104/158 MP: 12/29
 36856 | Vaults:4 | Noticed a lich
 36889 | Vaults:4 | Killed a lich
 36889 | Vaults:4 | Received a gift from Yredelemnul (a flayed ghost)
 36993 | Vaults:4 | Received a gift from Yredelemnul (a vampire)
 37005 | Vaults:4 | Found a flickering gateway to a bazaar.
 37020 | Bazaar   | Entered a bazaar
 37049 | Bazaar   | Found Vuuluwkavva's Gadget Shoppe.
 37108 | Bazaar   | Found Eblerij's Gadget Shoppe.
 37159 | Bazaar   | Found Usoixaul's Magic Scroll Boutique.
 37167 | Bazaar   | Bought a scroll of blinking for 82 gold pieces
 37202 | Bazaar   | Found Casius's Jewellery Shoppe.
 37210 | Bazaar   | Bought the ring of Henil {+Inv rN+ MR+ Str+3 SInv} for 496 gold pieces
 37497 | Bazaar   | Bought a box of beasts for 220 gold pieces
 37497 | Bazaar   | Bought a phantom mirror for 330 gold pieces
 37674 | Vaults:4 | Identified the cursed +1 glaive "Beewk" {drain, rPois rC++ MR+} (You took it off a necromancer on level 4 of the Vaults)
 37966 | Vaults:4 | Identified the ring "Kidont" {Ice MR+ Dex+4} (You found it on level 4 of the Vaults)
 38043 | Vaults:4 | Received a gift from Yredelemnul (a bone dragon)
 38145 | Vaults:4 | Reached skill level 16 in Invocations
 38242 | Vaults:4 | HP: 2/159 [stone giant (39)]
 38249 | Vaults:4 | HP: 1/159 [deep elf mage/bolt of lightning (3)]
 38585 | Vaults:4 | Received a gift from Yredelemnul (a flayed ghost)
 39314 | Spider:1 | Entered Level 1 of the Spider Nest
 39360 | Spider:1 | Paralysed by a hornet for 1 turns
 39450 | Spider:1 | Noticed Donald
 39463 | Spider:1 | Killed Donald
 40259 | Spider:1 | Received a gift from Yredelemnul (a flayed ghost)
 41219 | Spider:2 | Received a gift from Yredelemnul (a skeletal warrior)
 41521 | Spider:2 | Learned a level 1 spell: Apportation
 42817 | Spider:2 | Received a gift from Yredelemnul (a ghoul)
 42999 | Spider:2 | Gained mutation: You are somewhat resistant to further mutation. [potion of mutation]
 42999 | Spider:2 | Gained mutation: You are agile. (Dex +2) [potion of mutation]
 43098 | Spider:2 | Noticed Jorgrun
 43109 | Spider:2 | Killed Jorgrun
 43324 | Spider:3 | Received a gift from Yredelemnul (a phantasmal warrior)
 43326 | Spider:3 | Reached XP level 19. HP: 165/168 MP: 31/31
 43559 | Spider:3 | Received a gift from Yredelemnul (a phantasmal warrior)
 43957 | Spider:4 | Entered Level 4 of the Spider Nest
 44086 | Spider:4 | Received a gift from Yredelemnul (a flayed ghost)
 44250 | Spider:4 | Noticed Danqa's ghost (adept CeHu)
 44261 | Spider:4 | Killed Danqa's ghost
 44296 | Spider:4 | Received a gift from Yredelemnul (a ghoul)
 44425 | Spider:4 | Received a gift from Yredelemnul (a vampire knight)
 44608 | Spider:4 | Got a gossamer rune of Zot
 44758 | Spider:4 | Noticed Arachne
 44769 | Spider:4 | Killed Arachne
 44769 | Spider:4 | Reached skill level 17 in Invocations
 45191 | Depths:1 | Entered Level 1 of the Depths
 45653 | Depths:1 | Reached skill level 15 in Polearms
 45662 | Depths:1 | Demolished by a white very ugly thing

Skill      XL: |  1  2  3  4  5  6  7  8  9 10 11 12 13 14 15 16 17 18 19 |
---------------+----------------------------------------------------------+-----
Polearms       | 3 4 5 7 8 9 10 11 12 13 14 15 | 15.0
Fighting       | 3 4 5 6 7 8 10 11 12 13 14 | 14.7
Evocations     | 1 2 3 4 6 7 8 |  8.1
Dodging        | 3 4 5 6 7 8 9 |  9.3
Armour         | 2 4 9 10 11 12 13 14 | 14.9
Invocations    | 4 9 11 13 15 16 17 | 17.1
Throwing       | |  2.1

Action                   |  1- 3 |  4- 6 |  7- 9 | 10-12 | 13-15 | 16-18 | 19-21 || total
-------------------------+-------+-------+-------+-------+-------+-------+-------++-------
Melee: Trident           |   101 |   243 |   299 |   600 |    57 |       |       ||  1300
       Kick              |    15 |    50 |    86 |   121 |   316 |   371 |    71 ||  1030
       Demon trident     |       |       |       |       |  1281 |   795 |       ||  2076
       Bardiche          |       |       |       |       |       |   537 |   223 ||   760
Invok: Animate Remains   |       |       |     2 |     5 |       |       |       ||     7
       Animate Dead      |       |       |       |     6 |    53 |    31 |    18 ||   108
       Recall Undead Sla |       |       |       |     2 |     4 |     9 |     2 ||    17
       Injury Mirror     |       |       |       |       |     1 |       |       ||     1
       Drain Life        |       |       |       |       |     7 |    25 |    10 ||    42
       Enslave Soul      |       |       |       |       |     1 |     2 |       ||     3
 Abil: Evoke Berserk Rag |     2 |     6 |    11 |     4 |     1 |       |       ||    24
Evoke: Wand              |       |       |     8 |       |     9 |     1 |     3 ||    21
       Lamp of fire      |       |       |       |       |       |     1 |       ||     1
       Phial of floods   |       |       |       |       |       |     1 |       ||     1
  Use: Scroll            |       |     9 |    11 |     2 |    19 |    11 |     1 ||    53
       Potion            |       |       |     3 |     3 |     4 |    15 |       ||    25
 Stab: Distracted        |       |       |       |     4 |    10 |    19 |     7 ||    40
       Paralysed         |       |       |       |       |    10 |     7 |     3 ||    20
       Confused          |       |       |       |       |     1 |       |       ||     1
  Eat: Chunk             |     1 |    14 |    17 |    16 |    34 |    22 |     5 ||   109
       Ration            |       |       |     1 |     4 |    14 |    15 |     4 ||    38
Armor: Leather armour    |    31 |       |       |       |       |       |       ||    31
       Chain mail        |       |   147 |   153 |   290 |   793 |  1185 |   225 ||  2793
Dodge: Dodged            |    37 |    61 |    82 |   155 |   261 |   554 |   123 ||  1273
